General information
- name: BNet
- type: Ladder team game (AT/RT)
- host: Battle.net
- saver: BeMyEvildoer
map: Slalom
- players: 8
- length: 30:56
- speed: Fast
- version: 1.26 W3XP
- replay type: Public
» download(175 KB)
Players
team 1 (winner)
HEISONAT6PM (
orange | 57 APM | 1759 actions | 30:56)
5 Crypt Lord
2 Carrion Beetles
3 Spiked Carapace
5 Death Knight
2 Death Coil
3 Unholy Aura
» actions
| Assign group hotkey | 24 | |
| Basic commands | 194 | |
| Build / train | 82 | |
| Enter build submenu | 36 | |
| Enter hero's abilities submenu | 10 | |
| Give item / drop item | 9 | |
| Remove unit from queue | 3 | |
| Right click | 611 | |
| Select / deselect | 321 | |
| Select group hotkey | 377 | |
| Use ability | 92 | |
1759 total
» units
| Acolyte | 12 | |
| Ghoul | 4 | |
| Crypt Fiend | 4 | |
| Gargoyle | 8 | |
| Obsidian Statue | 1 | |
29 total
» upgrades
| Creature Attack | 3 | |
| Web | 1 | |
| Creature Carapace | 3 | |
| Burrow | 1 | |
| Backpack | 1 | |
| Ghoul Frenzy | 1 | |
| Stone Form | 1 | |
| Unholy Strength | 2 | |
| Unholy Armor | 1 | |
| Destroyer Form | 1 | |
| Disease Cloud | 1 | |
| Cannibalize | 1 | |
17 total
» buildings
| Altar of Darkness | 1 | |
| Ziggurat | 12 | |
| Crypt | 2 | |
| Graveyard | 1 | |
| Tomb of Relics | 2 | |
| Halls of the Dead | 5 | |
| Black Citadel | 1 | |
| Spirit Tower | 6 | |
| Slaughterhouse | 3 | |
| Sacrificial Pit | 1 | |
| Necropolis | 2 | |
36 total
» build order
00:09 Altar of Darkness
00:11 Ziggurat
00:14 Ziggurat
00:34 Crypt
00:57 Graveyard
01:19 Tomb of Relics
01:36 Ziggurat
02:49 Halls of the Dead
02:49 Halls of the Dead
03:56 Ziggurat
06:25 Crypt
07:14 Ziggurat
10:08 Black Citadel
10:52 Ziggurat
10:54 Ziggurat
10:57 Ziggurat
10:58 Ziggurat
11:52 Spirit Tower
12:04 Spirit Tower
12:49 Spirit Tower
13:02 Tomb of Relics
15:18 Slaughterhouse
15:23 Slaughterhouse
15:24 Slaughterhouse
15:27 Sacrificial Pit
17:45 Ziggurat
17:48 Ziggurat
17:54 Ziggurat
18:22 Necropolis
19:01 Spirit Tower
19:02 Spirit Tower
21:49 Halls of the Dead
23:15 Spirit Tower
29:28 Necropolis
» items
| Rod of Necromancy | 1 | |
| Boots of Speed | 1 | |
| Orb of Corruption | 2 | |
| Sacrificial Skull | 1 | |
| Scroll of Town Portal | 1 | |
| Potion of Healing | 2 | |
| Orb of Lightning | 1 | |
9 total

»
CAPTAINCORNHOLE (
purple | 30 APM | 915 actions | 30:56)
3 Archmage
1 Summon Water Elemental
1 Blizzard
1 Brilliance Aura
4 Paladin
1 Holy Light
1 Divine Shield
2 Devotion Aura
3 Mountain King
1 Storm Bolt
1 Thunder Clap
1 Bash
» actions
| Assign group hotkey | 11 | |
| Basic commands | 27 | |
| Build / train | 73 | |
| Enter build submenu | 26 | |
| Enter hero's abilities submenu | 10 | |
| Right click | 278 | |
| Select / deselect | 261 | |
| Select group hotkey | 174 | |
| Use ability | 55 | |
915 total
» units
| Peasant | 15 | |
| Siege Engine | 23 | |
| Mortar Team | 1 | |
39 total
» upgrades
| Lumber Harvesting | 2 | |
| Gunpowder | 3 | |
| Armor | 4 | |
| Barrage | 2 | |
| Masonry | 2 | |
| Fragmentation Shards | 1 | |
| Flare | 1 | |
15 total
» buildings
| Farm | 13 | |
| Lumber Mill | 2 | |
| Keep | 1 | |
| Altar of Kings | 1 | |
| Arcane Vault | 1 | |
| Blacksmith | 2 | |
| Castle | 1 | |
| Workshop | 3 | |
| Town Hall | 3 | |
| Barracks | 1 | |
28 total
» build order
00:24 Farm
00:41 Lumber Mill
01:02 Farm
02:21 Keep
02:28 Altar of Kings
02:39 Arcane Vault
02:55 Blacksmith
03:41 Farm
03:44 Farm
04:43 Castle
04:54 Workshop
05:00 Workshop
05:20 Workshop
05:30 Farm
05:36 Lumber Mill
06:14 Farm
10:26 Town Hall
10:44 Farm
10:46 Farm
11:25 Farm
11:29 Farm
12:10 Farm
12:14 Farm
12:50 Farm
15:44 Blacksmith
19:45 Town Hall
23:39 Town Hall
29:34 Barracks
» items
| Scroll of Regeneration | 1 | |
| Orb of Fire | 3 | |
4 total
ebean (
red | 23 APM | 702 actions | 30:56)
3 Archmage
1 Summon Water Elemental
1 Brilliance Aura
1 Blizzard
» actions
| Build / train | 65 | |
| Enter build submenu | 28 | |
| Enter hero's abilities submenu | 3 | |
| Remove unit from queue | 2 | |
| Right click | 325 | |
| Select / deselect | 244 | |
| Use ability | 35 | |
702 total
» units
» upgrades
| Long Rifles | 1 | |
| Gunpowder | 3 | |
| Armor | 3 | |
| Lumber Harvesting | 2 | |
| Masonry | 2 | |
| Swords | 1 | |
| Plating | 1 | |
13 total
» buildings
| Altar of Kings | 1 | |
| Farm | 15 | |
| Keep | 1 | |
| Blacksmith | 1 | |
| Lumber Mill | 1 | |
| Barracks | 3 | |
| Arcane Vault | 1 | |
| Castle | 1 | |
| Town Hall | 1 | |
| Scout Tower | 4 | |
| Arcane Tower | 4 | |
33 total
» build order
01:54 Altar of Kings
01:59 Farm
02:14 Farm
02:53 Farm
03:08 Keep
03:22 Blacksmith
03:33 Lumber Mill
03:38 Farm
03:48 Barracks
03:53 Barracks
04:22 Farm
04:42 Arcane Vault
05:29 Farm
05:58 Barracks
07:01 Farm
07:31 Castle
07:50 Farm
08:45 Farm
11:25 Town Hall
12:05 Farm
12:52 Farm
13:06 Farm
13:40 Farm
13:54 Farm
14:26 Farm
19:12 Scout Tower
19:28 Scout Tower
20:27 Arcane Tower
20:31 Scout Tower
20:45 Arcane Tower
20:51 Scout Tower
29:30 Arcane Tower
29:59 Arcane Tower
diligane (
yellow | 34 APM | 1047 actions | 30:56)
8 Blademaster
3 Critical Strike
3 Wind Walk
1 Bladestorm
1 Mirror Image
» actions
| Assign group hotkey | 4 | |
| Basic commands | 15 | |
| Build / train | 43 | |
| Enter build submenu | 14 | |
| Enter hero's abilities submenu | 8 | |
| Give item / drop item | 3 | |
| Right click | 494 | |
| Select / deselect | 152 | |
| Select group hotkey | 247 | |
| Use ability | 67 | |
1047 total
» units
» upgrades
| Ranged Weapons | 3 | |
| Envenomed Spears | 1 | |
| Armor | 1 | |
5 total
» buildings
| Altar of Storms | 1 | |
| Orc Burrow | 5 | |
| Voodoo Lounge | 1 | |
| War Mill | 1 | |
| Watch Tower | 3 | |
| Stronghold | 1 | |
| Fortress | 1 | |
| Beastiary | 3 | |
16 total
» build order
00:08 Altar of Storms
00:15 Orc Burrow
01:01 Voodoo Lounge
01:05 War Mill
01:47 Orc Burrow
02:44 Orc Burrow
03:52 Watch Tower
03:54 Stronghold
04:24 Orc Burrow
05:26 Orc Burrow
05:56 Watch Tower
06:37 Fortress
06:41 Beastiary
06:47 Beastiary
07:03 Watch Tower
07:50 Beastiary
» items
| Healing Salve | 2 | |
| Staff of Teleportation | 1 | |
| Boots of Speed | 1 | |
| Orb of Lightning | 1 | |
| Potion of Mana | 2 | |
| Potion of Healing | 2 | |
| Potion of Lesser Invulnerability | 3 | |
12 total
team 2 (loser)
BeMyEvildoer (
teal | 87 APM | 2680 actions | 30:56)
6 Archmage
3 Summon Water Elemental
2 Brilliance Aura
1 Mass Teleport
» actions
| Assign group hotkey | 157 | |
| Basic commands | 91 | |
| Build / train | 110 | |
| Enter build submenu | 48 | |
| Enter hero's abilities submenu | 6 | |
| Give item / drop item | 2 | |
| Remove unit from queue | 1 | |
| Right click | 1193 | |
| Select / deselect | 646 | |
| Select group hotkey | 280 | |
| Use ability | 146 | |
2680 total
» units
| Peasant | 33 | |
| Footman | 5 | |
| Gryphon Rider | 3 | |
| Rifleman | 3 | |
| Dragonhawk Rider | 12 | |
56 total
» upgrades
| Lumber Harvesting | 2 | |
| Masonry | 2 | |
| Animal War Training | 1 | |
| Swords | 2 | |
| Armor | 1 | |
| Magic Sentry | 1 | |
9 total
» buildings
| Altar of Kings | 1 | |
| Barracks | 1 | |
| Farm | 15 | |
| Keep | 1 | |
| Town Hall | 3 | |
| Arcane Vault | 3 | |
| Lumber Mill | 2 | |
| Castle | 1 | |
| Gryphon Aviary | 4 | |
| Blacksmith | 1 | |
| Scout Tower | 33 | |
| Arcane Tower | 1 | |
| Guard Tower | 11 | |
| Arcane Sanctum | 1 | |
78 total
» build order
00:36 Altar of Kings
00:45 Barracks
00:52 Farm
01:02 Farm
01:06 Farm
01:07 Farm
01:08 Farm
01:38 Farm
04:04 Keep
04:22 Town Hall
04:45 Arcane Vault
04:48 Arcane Vault
04:50 Lumber Mill
04:57 Farm
07:36 Town Hall
07:37 Castle
09:14 Gryphon Aviary
09:15 Gryphon Aviary
09:15 Gryphon Aviary
09:29 Blacksmith
10:59 Gryphon Aviary
12:24 Farm
12:25 Farm
13:53 Scout Tower
14:11 Scout Tower
14:36 Arcane Tower
15:15 Farm
15:17 Scout Tower
17:55 Guard Tower
18:14 Arcane Sanctum
20:05 Scout Tower
20:05 Scout Tower
20:06 Scout Tower
20:06 Scout Tower
20:08 Scout Tower
20:08 Scout Tower
20:09 Scout Tower
20:10 Scout Tower
20:12 Scout Tower
20:12 Scout Tower
20:48 Guard Tower
21:26 Guard Tower
22:40 Farm
22:41 Farm
22:43 Farm
23:07 Town Hall
24:17 Arcane Vault
24:21 Scout Tower
24:23 Scout Tower
24:24 Scout Tower
24:25 Scout Tower
24:31 Scout Tower
24:32 Scout Tower
24:33 Scout Tower
24:34 Scout Tower
24:35 Scout Tower
24:38 Scout Tower
24:38 Scout Tower
24:39 Scout Tower
24:40 Scout Tower
25:09 Lumber Mill
25:36 Guard Tower
25:36 Guard Tower
25:53 Guard Tower
25:56 Scout Tower
25:56 Scout Tower
25:56 Scout Tower
25:57 Scout Tower
26:08 Guard Tower
26:32 Guard Tower
27:46 Guard Tower
» items
| Scroll of Regeneration | 8 | |
| Potion of Healing | 7 | |
| Scroll of Town Portal | 3 | |
18 total

»
fighter (
pink | 16 APM | 493 actions | 30:56)
3 Death Knight
2 Death Coil
1 Unholy Aura
» actions
| Assign group hotkey | 15 | |
| Basic commands | 66 | |
| Build / train | 35 | |
| Enter build submenu | 9 | |
| Enter hero's abilities submenu | 5 | |
| Right click | 165 | |
| Select / deselect | 165 | |
| Select group hotkey | 12 | |
| Use ability | 21 | |
493 total
» units
| Acolyte | 3 | |
| Ghoul | 2 | |
| Crypt Fiend | 14 | |
| Gargoyle | 6 | |
25 total
» upgrades
| Creature Attack | 1 | |
| Creature Carapace | 1 | |
| Web | 1 | |
3 total
» buildings
| Ziggurat | 3 | |
| Altar of Darkness | 1 | |
| Crypt | 2 | |
| Graveyard | 1 | |
| Halls of the Dead | 1 | |
| Nerubian Tower | 1 | |
9 total
» build order
00:15 Ziggurat
00:19 Altar of Darkness
00:38 Crypt
01:03 Graveyard
01:40 Ziggurat
02:12 Crypt
03:03 Ziggurat
05:05 Halls of the Dead
14:40 Nerubian Tower
» items

»
fatlijah (
blue | 26 APM | 743 actions | 28:12)
2 Death Knight
1 Death Coil
1 Death Pact
» actions
| Basic commands | 56 | |
| Build / train | 48 | |
| Enter build submenu | 25 | |
| Enter hero's abilities submenu | 2 | |
| Remove unit from queue | 1 | |
| Right click | 235 | |
| Select / deselect | 343 | |
| Use ability | 33 | |
743 total
» units
| Acolyte | 5 | |
| Ghoul | 20 | |
| Crypt Fiend | 3 | |
| Gargoyle | 9 | |
| Frost Wyrm | 1 | |
38 total
» upgrades
» buildings
| Crypt | 1 | |
| Ziggurat | 9 | |
| Altar of Darkness | 1 | |
| Graveyard | 1 | |
| Tomb of Relics | 1 | |
| Halls of the Dead | 1 | |
| Necropolis | 1 | |
| Black Citadel | 1 | |
| Sacrificial Pit | 2 | |
| Spirit Tower | 3 | |
| Boneyard | 3 | |
| Nerubian Tower | 1 | |
25 total
» build order
00:08 Crypt
00:15 Ziggurat
00:51 Altar of Darkness
01:26 Ziggurat
02:48 Graveyard
02:57 Ziggurat
03:58 Tomb of Relics
06:15 Ziggurat
06:33 Halls of the Dead
08:48 Necropolis
09:59 Black Citadel
10:03 Sacrificial Pit
10:04 Ziggurat
10:16 Ziggurat
12:01 Sacrificial Pit
12:31 Spirit Tower
14:37 Boneyard
16:30 Boneyard
16:35 Boneyard
16:49 Ziggurat
17:05 Ziggurat
17:07 Ziggurat
19:41 Spirit Tower
21:03 Nerubian Tower
21:04 Spirit Tower
JamesKolstedt (
green | 23 APM | 620 actions | 27:05)
1 Blademaster
1 Critical Strike
1 Shadow Hunter
1 Healing Wave
1 Tauren Chieftain
1 Endurance Aura
» actions
| Assign group hotkey | 15 | |
| Basic commands | 78 | |
| Build / train | 61 | |
| Enter build submenu | 15 | |
| Enter hero's abilities submenu | 3 | |
| Remove unit from queue | 4 | |
| Right click | 251 | |
| Select / deselect | 140 | |
| Select group hotkey | 19 | |
| Use ability | 34 | |
620 total
» units
» upgrades
| Spiked Barricades | 2 | |
| Ranged Weapons | 3 | |
| Armor | 3 | |
| Shaman Training | 2 | |
| Reinforced Defenses | 1 | |
| Envenomed Spears | 1 | |
12 total
» buildings
| Altar of Storms | 1 | |
| Orc Burrow | 7 | |
| Voodoo Lounge | 2 | |
| War Mill | 1 | |
| Stronghold | 2 | |
| Fortress | 1 | |
| Beastiary | 2 | |
| Spirit Lodge | 1 | |
17 total
» build order
01:05 Altar of Storms
01:10 Orc Burrow
02:03 Orc Burrow
02:26 Voodoo Lounge
03:09 War Mill
09:37 Stronghold
09:44 Orc Burrow
09:49 Orc Burrow
09:52 Orc Burrow
09:56 Orc Burrow
10:42 Orc Burrow
11:02 Voodoo Lounge
12:07 Fortress
12:14 Beastiary
12:19 Beastiary
12:24 Spirit Lodge
» items
| Healing Salve | 2 | |
| Scroll of Town Portal | 2 | |
| Lesser Clarity Potion | 3 | |
| Orb of Lightning | 2 | |
9 total
Chat log
(00:08 / All) BeMyEvildoer: Sup gentlemen?
(00:13 / All) BeMyEvildoer: How are you this fine afternoon?
(00:19 / Allies) fatlijah: noting
(00:26 / All) HEISONAT6PM: I'm doing quite well on this fine day, old chap
(00:44 / Allies) fatlijah: leadies ladies calm down
(01:01 / Allies) fatlijah: anybody speak spanish?
(01:17 / Allies) fatlijah: dona esta el banyo
(01:23 / All) BeMyEvildoer: I love to manufacture controversy
(01:30 / All) HEISONAT6PM: I love to manufacture profit
(01:48 / All) BeMyEvildoer: Chaos is profitable
(01:55 / Allies) fatlijah: aye
(02:03 / Allies) fatlijah: spoken like a true man
(05:14 / All) HEISONAT6PM: dial-up nigger
(05:25 / All) HEISONAT6PM: stop lagging faggot
(06:01 / All) HEISONAT6PM: ghoul rush on slalom, wtf
(06:03 / All) HEISONAT6PM: who does that
(06:14 / All) HEISONAT6PM: get out
(07:11 / Allies) BeMyEvildoer: no blue
(07:12 / Allies) BeMyEvildoer: don't
(07:16 / Allies) BeMyEvildoer: I creeped that
(07:17 / Allies) BeMyEvildoer: cancel
(07:34 / Allies) fighter: FUCK U
(08:12 / Allies) fighter: FUCK OFF
(08:20 / Allies) BeMyEvildoer: what
(08:25 / Allies) fighter: FUCK U
(08:33 / Allies) BeMyEvildoer: what is your problem
(08:35 / All) fighter: FUCK U
(08:35 / Allies) BeMyEvildoer: so what
(08:40 / Allies) fighter: U
(08:41 / Allies) BeMyEvildoer: I cleared that one for you
(08:49 / Allies) fighter: FUCK UUUUUUUUUUUUUUUUUUUUUUUUUUUUUUUUUUU
(09:08 / Allies) fighter: U CUNT"
(09:12 / Allies) BeMyEvildoer: You will pay for this
(09:17 / Allies) fatlijah: shut up you retards
(09:23 / Allies) fighter: we lot u fucke
(09:32 / Allies) BeMyEvildoer: wood me we have tk
(09:32 / Allies) JamesKolstedt: o_O
(09:37 / Allies) fighter: BACK OFF"
(11:02 / Allies) BeMyEvildoer: wood me
(11:13 / Allies) JamesKolstedt: *fucks you in the ass*
(11:57 / Allies) BeMyEvildoer: pathetic
(12:10 / Allies) fighter: lol FUCK U
(12:22 / Allies) fighter: U SUCK"
(12:28 / Allies) BeMyEvildoer: I just raped the fuck out of you
(12:30 / Allies) fighter: and lost the game U FUCJK
(12:37 / Allies) BeMyEvildoer: Nah
(12:38 / Allies) BeMyEvildoer: I got this
(12:39 / Allies) fighter: nop
(12:46 / Allies) BeMyEvildoer: thank you blue
(13:02 / Allies) fighter: y had help
(13:14 / Allies) BeMyEvildoer: You are a tk
(14:44 / Allies) BeMyEvildoer: ood
(14:53 / Allies) BeMyEvildoer: wood
(14:54 / Allies) fatlijah: wood
(16:09 / Allies) BeMyEvildoer: expo
(16:19 / Allies) fatlijah: noob
(16:23 / Allies) fatlijah: pink
(16:31 / Allies) fighter: yes u are
(16:43 / Allies) fatlijah: thanks for the compiment
(16:54 / Allies) fighter: any time
(17:22 / All) JamesKolstedt: Zzzzzzzzzzzzzzzzzzzzzzzzzzzzzzzzz
(17:40 / Allies) BeMyEvildoer: I need wood
(18:14 / Allies) fighter: god u suck teal
(18:22 / Allies) BeMyEvildoer: You fucked me over you retarded
(18:28 / Allies) fatlijah: better than u
(18:38 / Allies) fighter: u just keep fucking the team
(18:51 / Allies) JamesKolstedt: bye blue
(18:52 / Allies) fighter: U did shit
(18:55 / Allies) JamesKolstedt: tk'ing nIGGER FUCKER
(19:05 / Allies) JamesKolstedt: you are a worhtless sack of dog shit
(19:11 / Allies) fighter: god u suck ass
(19:30 / Allies) fighter: why u even let teal be suck a cunt
(20:09 / Allies) fighter: why the fuck do you let a dumbass take your mine???
(20:14 / Allies) fighter: your a pussy
(20:29 / Allies) JamesKolstedt: Teal do you know how to squelch Pink?
(20:38 / Allies) fighter: NOP
(20:38 / Allies) BeMyEvildoer: /squelch
(20:43 / Allies) JamesKolstedt: yeah DO it
(20:48 / Allies) fighter: he noob
(21:01 / Allies) BeMyEvildoer: give your resources blue
(21:13 / Allies) BeMyEvildoer: ty
(21:19 / All) HEISONAT6PM: get off of dialup jesus christ
(21:23 / Allies) fighter: yes give so teal can get high score
(21:41 / Allies) fighter: so he can fuck all who play
(21:42 / Allies) BeMyEvildoer: omg
(22:06 / Allies) fighter: worst dumbass ever
(22:14 / Allies) BeMyEvildoer: you stabbed me retard
(22:29 / All) HEISONAT6PM: holy shit blue
(22:31 / All) HEISONAT6PM: get better internet
(22:32 / All) HEISONAT6PM: wow
(22:49 / All) HEISONAT6PM: WTF
(22:50 / Allies) BeMyEvildoer: Well
(23:08 / Allies) BeMyEvildoer: wood
(23:22 / All) HEISONAT6PM: stop the porn faggot
(23:23 / Allies) BeMyEvildoer: give all your resources blue
(23:25 / Allies) BeMyEvildoer: I need your wood
(24:27 / Allies) BeMyEvildoer: wood me green
(24:56 / Allies) fatlijah: nice knowin you green
(24:58 / Allies) fatlijah: LOL
(25:04 / Allies) fatlijah: THE FUCK
(25:05 / Allies) fatlijah: NOOB
(25:12 / Allies) fatlijah: WORST THAN PINK
(25:32 / All) fatlijah: YOU GUYS WERE SOOOOOOOOOOOO LUCK YOU DIDNT GET NOOBS
(25:42 / All) HEISONAT6PM: shut the fuck up dialup faggot
(25:50 / Allies) JamesKolstedt: teal spend your gold
(25:53 / Allies) JamesKolstedt: upgafde building armour
(25:54 / Allies) JamesKolstedt: upgrade
(26:03 / All) fatlijah: MY INTERNET BETTER THAN YOURS
(27:02 / All) fatlijah: NICE NOOBS
(27:05 / Allies) BeMyEvildoer: green
(27:06 / All) fatlijah: WAY TO GO PINK AND GREEN
(27:08 / Allies) BeMyEvildoer: don't attack orange
(27:11 / All) fatlijah: YOU LOST US THE GAME
(28:48 / All) BeMyEvildoer: Every time we see pink we give him a loss
(28:56 / All) BeMyEvildoer: Nobody else matters
(29:03 / All) BeMyEvildoer: We get him a loss then we leave
(29:16 / All) HEISONAT6PM: red, yellow, purple, please leave
(29:24 / All) BeMyEvildoer: I couldn't even use green to get purple's hero or yellow bm because he was killing me with them
(30:12 / All) BeMyEvildoer: Pink threw a shitfit because I took two expos lol
(30:16 / All) BeMyEvildoer: He couldn't even creep one
(30:23 / All) BeMyEvildoer: I cleared one for h im he still spammed "FUCK U"
(30:29 / All) BeMyEvildoer: "U HURT THE TEAM
(30:36 / All) HEISONAT6PM: this stab isn't over yet god damn
(30:49 / All) HEISONAT6PM: he still has 100/100 tanks and is making mortars fool
(30:50 / All) BeMyEvildoer: It is
(30:54 / All) BeMyEvildoer: Yeah it's over